 Dungeon Crawl Stone Soup version 0.25-a0-731-g0472a16d6a (webtiles) character file.

Game seed: 2083283978445273403, levelgen mode: deterministic

5548 Iflex the Spear-Bearer (level 10, 0/120 HPs)
             Began as a Merfolk Gladiator on Apr 8, 2020.
             Was a Believer of Fedhas.
             Succumbed to a meliai's poison
             ... on level 8 of the Dungeon.
             The game lasted 00:40:04 (10201 turns).

Iflex the Spear-Bearer (Merfolk Gladiator)         Turns: 10201, Time: 00:40:05

Health: 0/120      AC: 25    Str: 18    XL:     10   Next: 71%
Magic:  10/10      EV:  2    Int:  7    God:    Fedhas [**....]
Gold:   427        SH:  0    Dex: 16    Spells: 9/9 levels left

rFire    . . .     SeeInvis .   r - +3 scythe
rCold    . . .     Gourm    .   (shield currently unavailable)
rNeg     + + +     Faith    .   (armour currently unavailable)
rPois    +         Spirit   .   (helmet currently unavailable)
rElec    .         Reflect  .   (cloak currently unavailable)
rCorr    .         Harm     .   (gloves currently unavailable)
MR       +....     NoTele   +   (boots currently unavailable)
Stlth    +++.......             (no amulet)
HPRegen  0.30/turn              t - +4 ring of evasion
MPRegen  0.12/turn              s - ring of protection from magic

@: lethally poisoned (0 -> -14), tree-form
A: (change form in water), (swift swim), (stealthy swim)
a: Wall of Briars, Renounce Religion


You were on level 8 of the Dungeon.
You worshipped Fedhas.
Fedhas was pleased with you.
You were hungry.
You were a tree.
You visited 2 branches of the dungeon, and saw 10 of its levels.

You collected 467 gold pieces.
You spent 40 gold pieces at shops.

Inventory:

Hand Weapons
 a - a +0 trident
 r - a +3 scythe (weapon)
 v - a +0 trident of pain
Armour
 b - a +3 leather armour (melded)
 B - a +1 helmet (melded)
 F - a +2 pair of gloves (melded)
Jewellery
 c - a +4 ring of intelligence
 j - an uncursed ring of protection from fire
 s - a ring of protection from magic (right branch)
 t - a +4 ring of evasion (left branch)
 y - an uncursed ring of flight
Wands
 q - a wand of scattershot (2)
 D - a wand of paralysis (8)
Scrolls
 d - 2 scrolls of magic mapping
 g - a scroll of immolation
 h - 4 scrolls of remove curse
 m - 2 scrolls of teleportation
 p - a scroll of fog
 w - 2 scrolls of fear
 C - a scroll of noise {unknown}
Potions
 e - 2 potions of flight
 i - 2 potions of lignification
 k - 3 potions of magic
 o - a potion of might {unknown}
 u - a potion of cancellation {unknown}
 z - 2 potions of stabbing {unknown}
 A - a potion of resistance
 E - a potion of brilliance {unknown}
 G - a potion of mutation {unknown}
Comestibles
 f - 22 rations


   Skills:
 + Level 7.9 Fighting
 * Level 14.4 Polearms
 + Level 2.3 Throwing
 + Level 3.5 Armour
 + Level 8.9 Dodging
 + Level 6.1 Stealth


You had 9 spell levels left.
You didn't know any spells.
Your spell library contained the following spells:

 Spells                   Type           Power        Failure   Level  Hunger
 Beastly Appendage        Tmut           #.....       43%         1    ##.....
 Sticks to Snakes         Tmut           #.......     56%         2    ###....
 Spider Form              Tmut/Pois      #.........   80%         3    ####...
 Ice Form                 Ice/Tmut       #.......     99%         4    #####..
 Blade Hands              Tmut           #.........   100%        5    ######.


Dungeon Overview and Level Annotations

Branches:
Dungeon (9/15)             Temple (1/1) D:5
   Lair: D:8-11         Orc: D:9-12

Altars:
Ashenzari
Cheibriados
Dithmenos
Elyvilon
Fedhas
Gozag
Hepliaklqana
Kikubaaqudgha
Makhleb
Nemelex Xobeh
Qazlal
Ru
Trog
Uskayaw
Vehumet
Wu Jian
Xom
Yredelemnul
The Shining One

Shops:
D:5 %   D:6 *


Message History

The meliai completely misses you. The meliai barely misses you.
The meliai stings you.
* * * LOW HITPOINT WARNING * * *
You are lethally poisoned!
The meliai poisons you!
You slash the meliai!
The meliai is heavily wounded.
* * * LOW HITPOINT WARNING * * *
You feel very sick. The meliai hits you but does no damage.
The meliai barely misses you. The meliai hits you with a +0 war axe!
* * * LOW HITPOINT WARNING * * *
The meliai closely misses you.
Really quaff the potion of lignification?
You turn into a tree.
Your +1 helmet melds into your body.
Your +2 pair of gloves melds into your body.
Your +3 leather armour melds into your body.
Your roots penetrate the ground.
You die...
Fedhas appreciates your contribution to the ecosystem.

...........##.##.############.##
...........##.##...............#
...........##..#.###############
......[....###.#.# .......#####
#.#.# .......# ####'#'##
.......# #.......# .......#
#.....)y# .......# #.....♣.#
.......# ######### ########


You could see a meliai.

Vanquished Creatures
  Pikel (D:6)
  Maggie (D:6)
  A meliai (D:8)
  Grinder (D:6)
  A hornet (D:8)
  A hippogriff (D:8)
  Prince Ribbit (D:5)
  Sigmund (D:3)
  A wyvern (D:8)
  A hungry ghost (D:8)
  Duvessa (D:6)
  5 orc warriors
  An ice beast (D:7)
  2 sky beasts
  3 phantoms
  4 ogres
  2 centaurs
  2 bullfrogs (D:6)
  A wyvern skeleton (D:6)
  2 scorpions
  4 howler monkeys
  3 crimson imps
  A bullfrog zombie (D:7)
  5 hounds
  3 centaur zombies
  Crazy Yiuf (D:3)
  A jelly (D:8)
  6 orc priests
  3 bullfrog skeletons
  4 orc wizards
  9 worker ants
  2 hound skeletons
  A mummy (D:8)
  Robin (D:3)
  8 gnolls
  10 adders
  2 shadow imps
  An adder zombie (D:5)
  An ooze (D:3)
  3 worms
  4 dart slugs
  3 leopard geckos
  36 orcs
  5 giant cockroaches
  11 goblins
  6 hobgoblins
  11 jackals
  5 quokkas
  A ball python (D:5)
  8 bats
  8 frilled lizards
  7 kobolds
  A leopard gecko zombie (D:6)
  8 rats
216 creatures vanquished.

Vanquished Creatures (others)
  2 slaves (D:6)
  Dowan (D:6)
  A hound (D:6)
  An orc (D:6)
5 creatures vanquished.

Grand Total: 221 creatures vanquished

Notes
Turn   | Place    | Note
-------+----------+-------------------------------------------
     0 | D:1      | Iflex the Merfolk Gladiator began the quest for the Orb.
     0 | D:1      | Reached XP level 1. HP: 16/16 MP: 1/1
   333 | D:1      | Reached XP level 2. HP: 23/23 MP: 2/2
   756 | D:2      | Reached XP level 3. HP: 28/28 MP: 3/3
   759 | D:2      | Reached skill level 5 in Dodging
   987 | D:2      | Reached skill level 5 in Polearms
  1167 | D:2      | Reached XP level 4. HP: 14/34 MP: 4/4
  1794 | D:3      | Reached skill level 6 in Polearms
  1825 | D:3      | Reached XP level 5. HP: 40/40 MP: 5/5
  1828 | D:3      | Noticed an orc warrior
  2116 | D:3      | Noticed a sky beast
  2147 | D:2      | Killed a sky beast
  2696 | D:3      | Reached skill level 7 in Polearms
  2696 | D:3      | Reached XP level 6. HP: 47/47 MP: 6/6
  2741 | D:3      | Found a shadowy altar of Dithmenos.
  2964 | D:3      | Reached skill level 1 in Stealth
  3038 | D:3      | Found a runed translucent door.
  3039 | D:3      | Noticed Crazy Yiuf
  3159 | D:3      | Reached skill level 1 in Armour
  3302 | D:3      | Killed an orc warrior
  3302 | D:3      | Reached skill level 8 in Polearms
  3302 | D:3      | Reached XP level 7. HP: 39/52 MP: 7/7
  3420 | D:3      | Noticed Robin
  3601 | D:3      | Killed Robin
  3675 | D:3      | Noticed Sigmund
  3761 | D:3      | Killed Sigmund
  3761 | D:3      | Reached skill level 9 in Polearms
  3976 | D:3      | Killed Crazy Yiuf
  4077 | D:4      | Found a stormy altar of Qazlal.
  4079 | D:4      | Noticed an air elemental
  4080 | D:4      | Noticed a fire elemental
  4080 | D:4      | Noticed a water elemental
  4261 | D:4      | Reached XP level 8. HP: 38/60 MP: 8/8
  4791 | D:4      | Reached skill level 10 in Polearms
  5421 | D:5      | Entered Level 5 of the Dungeon
  5437 | D:5      | Noticed Prince Ribbit
  5607 | D:5      | Found a shattered altar of Ashenzari.
  5736 | D:5      | Reached skill level 11 in Polearms
  5765 | D:5      | Found Ustuki's Food Shop.
  5865 | D:5      | Found an ornate altar of the Wu Jian Council.
  6029 | D:5      | Killed Prince Ribbit
  6029 | D:5      | Reached skill level 5 in Fighting
  6029 | D:5      | Reached XP level 9. HP: 60/68 MP: 9/9
  6257 | D:5      | Found a staircase to the Ecumenical Temple.
  6270 | Temple   | Entered the Ecumenical Temple
  6348 | Temple   | Became a worshipper of Fedhas Madash
  6830 | D:6      | Found Tunnaon's General Store.
  6869 | D:6      | Bought 2 scrolls of identify for 40 gold pieces
  6907 | D:6      | Noticed Pikel
  6928 | D:6      | Reached skill level 12 in Polearms
  6966 | D:6      | Killed Pikel
  7187 | D:6      | Killed Dowan
  7252 | D:6      | Noticed Duvessa
  7290 | D:6      | Killed Duvessa
  7298 | D:6      | Found a hazy altar of Hepliaklqana.
  7473 | D:6      | Noticed Maggie
  7509 | D:6      | Killed Maggie
  7509 | D:6      | Reached skill level 13 in Polearms
  7541 | D:6      | Found a glowing golden altar of the Shining One.
  7542 | D:6      | Noticed Grinder
  7554 | D:6      | Killed Grinder
  7623 | D:6      | Reached XP level 10. HP: 69/77 MP: 10/10
  7872 | D:7      | Reached * piety under Fedhas
  8328 | D:7      | Found a white marble altar of Elyvilon.
  8841 | D:7      | Reached skill level 14 in Polearms
  9108 | D:7      | Found a burning altar of Makhleb.
  9108 | D:7      | Noticed an Executioner
  9416 | D:8      | Reached skill level 5 in Stealth
  9423 | D:8      | Reached ** piety under Fedhas
  9648 | D:8      | Paralysed by a hornet for 2 turns
  9649 | D:8      | HP: 1/79 [hornet (3)]
 10200 | D:8      | HP: 1/80 [meliai/+0 war axe (8)]
 10201 | D:8      | Succumbed to a meliai's poison

Levels and vault maps discovered:
D:1:      minmay_arrival_semitransparent, layout_basic
D:2:      layout_loops_ring, minivault_5
D:3:      layout_basic, marbit_many_paths, first_ration,
          kennysheep_generic_room_9, uniq_crazy_yiuf_cottage, uniq_robin,
          uniq_sigmund
D:4:      layout_rooms, nicolae_qazlal_style_of_elements
D:5:      layout_loops_corners, nicolae_overflow_crystal_walls,
          minmay_temple_entry_statues_pillars, serial_shops, shop,
          minmay_misc_feat_diagonals, ashenzari_altar_1, uniq_prince_ribbit1
D:6:      layout_loops_ring, old_standard_altar, overflow_temple_1_default,
          serial_rivers, chequers_serial_rivers_room_b,
          chequers_serial_rivers_micro_b, chequers_serial_rivers_micro_e,
          chequers_serial_rivers_small_a, chequers_serial_rivers_micro_d,
          chequers_serial_rivers_small_b, serial_shops, shop, uniq_pikel,
          uniq_duvessa, uniq_maggie, uniq_grinder
D:7:      layout_layer_cave, elyvilon_altar_1, makhleb_altar_promises_db
D:8:      layout_basic, gup_ossuary_entry_pyramid
D:9:      layout_basic, david_nohive_1
Temple:   dpeg_chambers_temple

Skill      XL: |  1  2  3  4  5  6  7  8  9 10 |
---------------+-------------------------------+-----
Dodging        | 5 6 7 8 |  8.9
Polearms       | 5 6 7 8 9 11 13 14 | 14.4
Fighting       | 3 5 6 7 |  7.9
Stealth        | 1 2 3 4 6 |  6.1
Armour         | 1 2 3 |  3.5
Throwing       | |  2.3

Action                   |  1- 3 |  4- 6 |  7- 9 | 10-12 || total
-------------------------+-------+-------+-------+-------++-------
Melee: Trident           |    89 |   152 |   539 |   243 ||  1023
       Tailslap          |       |       |    10 |       ||    10
       Scythe            |       |       |       |    46 ||    46
Throw: Throwing net      |     1 |     3 |     1 |       ||     5
  Use: Scroll            |       |     6 |    10 |     1 ||    17
       Potion            |       |       |     2 |     9 ||    11
 Stab: Held in net/web   |     1 |       |     2 |       ||     3
       Sleeping          |       |     4 |     4 |    14 ||    22
       Distracted        |       |       |       |     1 ||     1
  Eat: Chunk             |     1 |     6 |    13 |     8 ||    28
       Ration            |       |       |     1 |       ||     1
Armor: Leather armour    |    17 |    27 |    68 |    41 ||   153
       Skin              |       |       |     4 |       ||     4
Dodge: Dodged            |    49 |    58 |   260 |   191 ||   558

Table legend:
 A = Non-vault XP
 B = Vault XP
 C = Vault XP percentage of total XP
 D = Non-vault monster count
 E = Vault monster count
 F = Vault count percentage of total count
                 A         B        C        D         E       F
            +---------+---------+-------+---------+---------+-------
      Total |    5889 |    2037 |  25.7 |     197 |      20 |   9.2
            +---------+---------+-------+---------+---------+-------
        D:1 |      23 |       0 |   0.0 |      13 |       0 |   0.0
        D:2 |     222 |       0 |   0.0 |      26 |       0 |   0.0
        D:3 |     377 |     297 |  44.1 |      27 |      14 |  34.1
        D:4 |     880 |       0 |   0.0 |      28 |       0 |   0.0
        D:5 |     397 |     246 |  38.3 |      30 |       1 |   3.2
        D:6 |     787 |    1476 |  65.2 |      19 |       4 |  17.4
        D:7 |     923 |       0 |   0.0 |      23 |       0 |   0.0
        D:8 |    2280 |      18 |   0.8 |      31 |       1 |   3.1
            +---------+---------+-------+---------+---------+-------
